 Dungeon Crawl Stone Soup version 0.32-a0-290-g598725c5f2 (webtiles) character file.

Game seed: 3684243005314180400

907 Dittersdorf the Trooper (level 8, -2/51 HPs)
             Began as a Gargoyle Fighter on Feb 13, 2024.
             Slain by a killer bee (6 damage)
             ... on level 5 of the Dungeon.
             The game lasted 00:04:30 (4854 turns).

Dittersdorf the Trooper (Gargoyle Fighter)          Turns: 4854, Time: 00:04:30

Health: -2/51      AC: 13    Str: 21    XL:     8   Next: 8%
Magic:  8/8        EV:  9    Int: 16    God:
Gold:   206        SH:  5    Dex:  9    Spells: 7/7 levels left

rFire   . . .        a - +0 flail
rCold   . . .        c - +0 buckler
rNeg    + . .        b - +0 scale mail
rPois   ∞            (no helmet)
rElec   +            (no cloak)
rCorr   .            (no gloves)
SInv    .            (no boots)
Will    .....        e - amulet of magic regeneration Stlth
                     p - +6 ring of intelligence
HPRegen 0.28/turn    (no ring)
MPRegen 0.51/turn

%: no passive effects
@: studying Fighting
A: sickness immunity, AC +5, negative energy resistance 1, electricity
resistance, torment resistance 1, petrification resistance
a: no special abilities


You were on level 5 of the Dungeon.
You visited 1 branch of the dungeon, and saw 5 of its levels.

You collected 206 gold pieces.

Inventory:

Hand Weapons
 a - a +0 flail (weapon)
Armour
 b - a +0 scale mail (worn)
 c - a +0 buckler (worn)
 i - a +0 plate armour
Jewellery
 e - an amulet of magic regeneration (around neck)
 p - a +6 ring of intelligence (left hand)
Potions
 d - 2 potions of might
 g - a potion of degeneration {unknown}
 h - a potion of haste {unknown}
 j - 3 potions of curing {unknown}
 m - a potion of mutation
 n - 2 potions of heal wounds
 o - 2 potions of enlightenment


   Skills:
 + Level 6.0 Fighting
 + Level 4.8 Maces & Flails
 + Level 5.9 Armour
 + Level 5.9 Shields


You had 7 spell levels left.
You didn't know any spells.
Your spell library contained the following spells:

 Spells                   Type           Power      Damage    Failure   Level
 Freeze                   Ice            0%         1d3       61%         1
 Frozen Ramparts          Ice            0%         1d1       93%         3
 Hailstorm                Conj/Ice       0%         3d5       93%         3
 Tukima's Dance           Hex            0%         N/A       93%         3
 Passage of Golubria      Tloc           0%         N/A       100%        4
 Yara's Violent Unravell  Hex/Alch       0%         3d3       100%        5
 Chain Lightning          Conj/Air       0%         N/A       100%        9
 Fire Storm               Conj/Fire      0%         5d1       100%        9
 Shatter                  Erth           0%         3d5*      100%        9


Dungeon Overview and Level Annotations

Branches:
Dungeon (5/15)
 Temple: D:4-7

Altars:
Ashenzari
Vehumet
The Shining One

Shops:
D:2 **


Innate Abilities, Weirdness & Mutations

You are immune to sickness and miasma.
Your stone body is resilient. (AC +5)
You are immune to poison.
You resist negative energy. (rN+)
You are resistant to electric shocks. (rElec)
You are resistant to unholy torment.
You are immune to petrification.


Message History

The killer bee completely misses you.
The killer bee stings you but does no damage.
The killer bee barely misses you. The killer bee stings you.
* * * LOW HITPOINT WARNING * * *
The killer bee closely misses you. The killer bee misses you.
You miss the killer bee. The killer bee barely misses you.
The killer bee closely misses you. You block the killer bee's attack.
The killer bee closely misses you. You block the killer bee's attack.
The killer bee stings you but does no damage. x5
You closely miss the killer bee. The killer bee stings you.
* * * LOW HITPOINT WARNING * * *
The killer bee barely misses you.
The killer bee stings you but does no damage.
The killer bee barely misses you.
The killer bee stings you but does no damage. x2
You block the killer bee's attack. The killer bee barely misses you.
The killer bee stings you!
* * * LOW HITPOINT WARNING * * *
The killer bee closely misses you.
You barely miss the killer bee.
The killer bee stings you but does no damage. x2
The killer bee barely misses you. The killer bee closely misses you.
The killer bee completely misses you.
The killer bee stings you but does no damage.
The killer bee barely misses you. x2
The killer bee stings you but does no damage.
The killer bee misses you. You block the killer bee's attack. x2
The killer bee stings you but does no damage.
You closely miss the killer bee. You block the killer bee's attack.
The killer bee stings you but does no damage.
The killer bee closely misses you. The killer bee barely misses you.
The killer bee stings you but does no damage.
You block the killer bee's attack.
The killer bee stings you but does no damage.
The killer bee stings you.
* * * LOW HITPOINT WARNING * * *
The killer bee closely misses you.
The killer bee stings you but does no damage.
The killer bee stings you.
You die...

.... .... .....
#.........#
#.........#
#...>.....###
#...........##
#.........#y.###
#....... ##@y.#
###....y###yyy.##
.......y.†......#
......#####...#.#
..... #####...
...y #.. ... #.)
.y #. .


You could see 5 killer bees.

Vanquished Creatures
  Sigmund (D:2)
  A black bear (D:4)
  A bullfrog (D:4)
  A scorpion (D:4)
  A killer bee (D:5)
  A bombardier beetle (D:2)
  A jelly (D:4)
  A hound (D:4)
  Natasha (thrice) (D:2)
  2 iguanas
  An orc wizard (D:4)
  7 adders
  3 ribbon worms
  5 dart slugs (D:1)
  3 orcs (D:4)
  8 endoplasms
  3 giant cockroaches
  10 hobgoblins
  4 jackals (D:4)
  8 kobolds
  8 quokkas
  6 ball pythons
  5 bats
  2 frilled lizards (D:2)
  8 goblins
  10 rats
104 creatures vanquished.

Notes
Turn   | Place    | Note
-------+----------+-------------------------------------------
     0 | D:1      | Dittersdorf the Gargoyle Fighter began the quest for the
                  | Orb.
     0 | D:1      | Reached XP level 1. HP: 14/14 MP: 1/1
    40 | D:1      | Reached XP level 2. HP: 19/19 MP: 2/2
   140 | D:1      | Reached XP level 3. HP: 23/23 MP: 3/3
   331 | D:1      | Reached XP level 4. HP: 26/29 MP: 4/4
   702 | D:2      | Noticed Natasha
   724 | D:2      | Killed Natasha
   725 | D:2      | Reached skill level 4 in Fighting
   800 | D:2      | Noticed Natasha
   807 | D:2      | Killed Natasha
   808 | D:2      | Reached XP level 5. HP: 27/33 MP: 5/5
  1024 | D:2      | Noticed Sigmund
  1109 | D:2      | Found Puro Cit's General Store.
  1204 | D:2      | Killed Sigmund
  1205 | D:2      | Reached XP level 6. HP: 30/40 MP: 6/6
  1262 | D:2      | Found Utuyshoi's Assorted Antiques.
  1668 | D:2      | Noticed Natasha
  1674 | D:2      | Killed Natasha
  2004 | D:2      | Found Puro Cit's General Store.
  2037 | D:2      | Found Utuyshoi's Assorted Antiques.
  2077 | D:3      | Found a faded altar of an unknown god.
  2145 | D:3      | Reached skill level 5 in Armour
  2316 | D:3      | Reached skill level 5 in Shields
  2412 | D:3      | Found a broken altar of Ashenzari.
  2469 | D:3      | Reached skill level 5 in Fighting
  2561 | D:3      | Reached XP level 7. HP: 13/44 MP: 7/7
  3842 | D:4      | Found a glowing golden altar of the Shining One.
  3968 | D:4      | Found a radiant altar of Vehumet.
  4677 | D:5      | Entered Level 5 of the Dungeon
  4683 | D:5      | Reached XP level 8. HP: 51/51 MP: 8/8
  4684 | D:5      | Identified a scroll of acquirement
  4684 | D:5      | Acquired a manual of Fighting
  4842 | D:5      | Reached skill level 6 in Fighting
  4854 | D:5      | Slain by a killer bee

Illustrated notes

Levels and vault maps discovered:
D:1:      sevenhm_arrival_forest_fort_small_4, layout_rooms, st_stairs_5
D:2:      layout_basic, serial_shops, shop, nicolae_shop_crystal, uniq_natasha,
          uniq_sigmund
D:3:      layout_loops_corners, nicolae_ashenzari_skybound,
          hellmonk_ecumenical_altar_lost_god
D:4:      layout_basic, mainiacjoe_overflow_surrounded_room,
          nicolae_vehumet_radiance, st_stairs_13, roderic_roman_lattice,
          grunt_ministairs_5, kennysheep_diamond
D:5:      layout_rooms, nicolae_qazlal_style_of_elements, minivault_5,
          hangedman_decor_peaks_small

Skill      XL: |  1  2  3  4  5  6  7  8 |
---------------+-------------------------+-----
Armour         | 4 5 |  5.9
Shields        | 4 5 |  5.9
Fighting       | 4 5 6 |  6.0
Maces & Flails | 3 4 |  4.8

Action                     |  1- 3 |  4- 6 |  7- 9 || total
---------------------------+-------+-------+-------++-------
  Melee: Flail             |    94 |   187 |   206 ||   487
    Use: Scroll            |       |       |     9 ||     9
 Armour: Scale mail        |    83 |   155 |   182 ||   420
  Dodge: Dodged            |    47 |   103 |   146 ||   296
  Block: Buckler           |    25 |    50 |    56 ||   131

Table legend: (Time is in decaauts)
 A = Elapsed time spent in this place.
 B = Non-inter-level travel time spent in this place.
 C = Inter-level travel time spent in this place.
 D = Time resting spent in this place.
 E = Time spent auto-exploring this place.
 F = Levels seen in this place.
 G = Mean time per level.
                   A        B        C        D        E       F      G
               +--------+--------+--------+--------+--------+-----+--------+
         Total |   4982 |   4748 |    234 |    376 |   3374 |   5 |  996.4 |
       Dungeon |   4982 |   4748 |    234 |    376 |   3374 |   5 |  996.4 |
               +--------+--------+--------+--------+--------+-----+--------+

Top non-repeatable levels by time:
     D:4: 1409 daAuts
     D:2: 1366 daAuts
     D:3: 1262 daAuts
     D:1: 774 daAuts
     D:5: 169 daAuts
